 Dungeon Crawl Stone Soup version 0.24.1-4-ge52af88ad5 (webtiles) character file.

Game seed: 12664326360913987279, levelgen mode: deterministic

9824 Gruesph the Grappler (level 11, -5/91 HPs)
             Began as a Black Draconian Transmuter on Apr 19, 2020.
             Was a High Priest of Okawaru.
             Slain by Snorg (28 damage)
             ... on level 10 of the Dungeon.
             The game lasted 01:11:27 (14663 turns).

Gruesph the Grappler (Black Draconian Transmuter)  Turns: 14663, Time: 01:11:28

Health: -5/91      AC:  2    Str: 13    XL:     11   Next: 28%
Magic:  4/15       EV: 24    Int: 16    God:    Okawaru [*****.]
Gold:   397        SH:  0    Dex: 17    Spells: 5/16 levels left

rFire    . . .     SeeInvis .     - Unarmed
rCold    . . .     Gourm    .   (shield currently unavailable)
rNeg     + . .     Faith    .   (armour unavailable)
rPois    x         Spirit   .   (helmet currently unavailable)
rElec    .         Reflect  .   (cloak currently unavailable)
rCorr    .         Harm     .   (gloves currently unavailable)
MR       .....                  (boots currently unavailable)
Stlth    ++........             e - amulet of rage
HPRegen  0.25/turn              t - ring of flight
MPRegen  0.14/turn              y - ring of positive energy

@: spider-form
A: tiny, (breathe lightning), unfitting armour, AC +7
a: End Transformation, Heroism, Finesse, Renounce Religion, Evoke Berserk Rage,
Evoke Flight


You were on level 10 of the Dungeon.
You worshipped Okawaru.
Okawaru was extremely pleased with you.
You were very hungry.
You were a venomous arachnid creature.
You visited 2 branches of the dungeon, and saw 12 of its levels.
You also visited: Sewer.

You collected 524 gold pieces.
You spent 127 gold pieces at shops.

Inventory:

Hand Weapons
 b - a +1 hunting sling
 w - a +1 scimitar of flaming
Missiles
 a - 88 arrows
 d - 343 stones (quivered)
 h - a datura-tipped dart
 k - 2 curare-tipped darts
 o - 43 sling bullets
 x - 10 poisoned darts
Armour
 m - a +2 cloak of poison resistance (melded)
 s - a +2 pair of boots (melded)
 v - a +2 pair of gloves (melded)
Jewellery
 e - an amulet of rage (around neck)
 t - a ring of flight (left front leg)
 y - a ring of positive energy (right front leg)
Wands
 j - a wand of iceblast (3)
 q - a wand of paralysis (2)
 A - a wand of digging (6)
Scrolls
 i - 11 scrolls of identify
 l - a scroll of fog
 p - 2 scrolls of teleportation
 r - 2 scrolls of remove curse
 z - a scroll of fear
 B - a scroll of enchant weapon
 C - a scroll of enchant armour
Potions
 c - 6 potions of curing
 g - a potion of agility
 n - 3 potions of haste
 u - 4 potions of ambrosia
 D - a potion of lignification
Comestibles
 f - 15 rations


   Skills:
 + Level 6.9 Fighting
 + Level 6.0 Dodging
 - Level 10.0 Unarmed Combat
 - Level 3.0 Spellcasting
 + Level 9.0 Transmutations
 - Level 3.0 Poison Magic
 + Level 5.1 Invocations
 + Level 5.4 Evocations


You had 5 spell levels left.
You knew the following spells:

 Your Spells              Type           Power        Failure   Level  Hunger
a - Beastly Appendage     Tmut           ####..       3%          1    #......
b - Sticks to Snakes      Tmut           ####....     4%          2    ##.....
c - Spider Form           Tmut/Pois      ###.......   14%         3    ###....
d - Blade Hands           Tmut           ####......   30%         5    ######.

Your spell library contained the following spells:

 Spells                   Type           Power        Failure   Level  Hunger
 Corona                   Hex            #......      38%         1    #......
 Slow                     Hex            #.......     50%         2    ##.....
 Ice Form                 Ice/Tmut       ###.....     50%         4    #####..
 Inner Flame              Hex/Fire       #.......     71%         3    ###....
 Portal Projectile        Hex/Tloc       #.....       71%         3    ###....
 Cause Fear               Hex            #.........   96%         4    #####..
 Leda's Liquefaction      Hex/Erth       #.........   96%         4    #####..


Dungeon Overview and Level Annotations

Branches:
Dungeon (11/15)            Temple (1/1) D:7           Sewer (visited)
   Lair: D:8-11         Orc: D:9-12

Altars:
Ashenzari
Cheibriados
Dithmenos
Elyvilon
Fedhas
Gozag
Hepliaklqana
Kikubaaqudgha
Makhleb
Nemelex Xobeh
Okawaru
Qazlal
Ru
Sif Muna
Trog
Uskayaw
Vehumet
Wu Jian
Xom
Yredelemnul
Zin
The Shining One

Shops:
D:7 (   D:8 [![

Annotations:
D:10 Snorg


Innate Abilities, Weirdness & Mutations

((You can breathe wild blasts of lightning.))
((Your glossy black scales are hard. (AC +7)))
You cannot fit into any form of body armour.
((You are resistant to electric shocks. (rElec)))
((You are cold-blooded and may be slowed by cold attacks.))


Message History

There is a stone staircase leading down here.
Evoke which item? (* to show all) (? for menu, Esc to quit)
Aiming: Paralyse
Press: ? - help, Shift-Dir - straight line, f - Snorg
Aim: Snorg (moderately wounded, berserk, fast, unusually strong, poisoned, chance to defeat MR: 28%)
Okay, then.
Unknown command.
Evoke which item? (* to show all) (? for menu, Esc to quit)
Okay, then.
Unknown command.
Okay, then.
Unknown command.
Press: ? - help, v - describe, . - travel A stone staircase leading down.
Unknown command.
Snorg closely misses you. Snorg misses you. Snorg completely misses you.
Snorg closely misses you. Snorg barely misses you. Snorg completely misses you.
There is an open door here.
Snorg bites you!!
You die...

####### #.....# ###########
#.....# ##### ##.........#
#.....# #.... #..........#
#####.....### #....
#..........####.sT'.....'.# #....
#...............###...>.#.###....
#..........###### #.....#...#....
...........# #.....###..รท...
######.##### ###'### ###.... #
#.# #.# ###.# ##.# #.# #.. #..#
#.# ### #.## #.# ##


You could see Snorg (berserk).

Vanquished Creatures
  A hydra (D:8)
  A two-headed ogre (D:10)
  Pikel (D:6)
  A gargoyle (D:10)
  A troll (D:10)
  Grinder (D:6)
  2 dream sheep (D:8)
  A hippogriff (D:7)
  A vampire (D:10)
  A wyvern (D:9)
  Eustachio (D:5)
  2 humans (D:7)
  2 yaks (D:8)
  A steam dragon (D:9)
  A water moccasin (D:10)
  3 orc warriors
  3 slaves (D:6)
  2 black bears
  5 centaurs
  4 ogres
  A crocodile (Sewer)
  Blork the orc (D:3)
  4 big kobolds
  4 bullfrogs
  3 jellies
  3 scorpions
  14 killer bees
  7 wights
  A howler monkey (D:8)
  6 crimson imps
  2 bullfrog zombies
  4 hounds
  10 orc priests
  12 orc wizards
  10 worker ants
  Ijyb (D:5)
  Terence (D:2)
  5 iguanas
  Natasha (thrice) (D:2)
  A killer bee zombie (D:7)
  A hound zombie (D:9)
  A worker ant zombie (D:8)
  Robin (D:4)
  6 gnolls
  12 adders
  An ooze (D:4)
  An adder skeleton (D:8)
  A worm (D:3)
  A dart slug (D:3)
  8 leopard geckos
  29 orcs
  3 ball pythons
  7 bats
  5 giant cockroaches
  20 goblins
  4 hobgoblins
  3 jackals (D:6)
  5 quokkas
  6 frilled lizards
  9 kobolds
  A leopard gecko zombie (D:5)
  5 rats (D:3)
258 creatures vanquished.

Vanquished Creatures (collateral kills)
  Erica (D:9)
  A troll (D:9)
  Duvessa (D:7)
  2 bullfrogs
  Dowan (D:7)
  A killer bee (D:8)
  A wight (D:8)
  An orc priest (D:10)
  Crazy Yiuf (D:3)
  An orc wizard (D:10)
  3 worker ants
  A gnoll (D:8)
  An orc (D:7)
  A hobgoblin (D:3)
17 creatures vanquished.

Vanquished Creatures (others)
  An orc wizard (D:3)
  An orc (D:3)
2 creatures vanquished.

Grand Total: 277 creatures vanquished

Notes
Turn   | Place    | Note
-------+----------+-------------------------------------------
     0 | D:1      | Gruesph the Draconian Transmuter began the quest for the
                  | Orb.
     0 | D:1      | Reached XP level 1. HP: 16/16 MP: 3/3
   264 | D:1      | Reached XP level 2. HP: 23/23 MP: 5/5
   268 | D:1      | Learned a level 2 spell: Sticks to Snakes
   855 | D:2      | Noticed Natasha
   863 | D:2      | Killed Natasha
   863 | D:2      | Reached skill level 4 in Unarmed Combat
   863 | D:2      | Reached XP level 3. HP: 28/28 MP: 6/6
  1129 | D:2      | Noticed Natasha
  1135 | D:2      | Killed Natasha
  1159 | D:2      | Reached skill level 5 in Unarmed Combat
  1159 | D:2      | Reached XP level 4. HP: 35/35 MP: 5/7
  1164 | D:2      | Learned a level 3 spell: Spider Form
  1297 | D:2      | Found a sacrificial altar of Ru.
  1297 | D:2      | Found a snail-covered altar of Cheibriados.
  1302 | D:2      | Found a faded altar of an unknown god.
  1304 | D:2      | Found a shimmering altar of Xom.
  1306 | D:2      | Found a glowing silver altar of Zin.
  1398 | D:2      | Noticed Natasha
  1407 | D:2      | Killed Natasha
  1707 | D:2      | Noticed Terence
  1727 | D:2      | Killed Terence
  1727 | D:2      | Reached skill level 1 in Poison Magic
  2072 | D:3      | Found a glowing drain.
  2094 | D:3      | Reached XP level 5. HP: 40/40 MP: 5/8
  2114 | Sewer    | Entered a sewer
  2150 | Sewer    | Noticed a crocodile
  2160 | Sewer    | Killed a crocodile
  2496 | D:3      | Found a runed translucent door.
  2497 | D:3      | Noticed Crazy Yiuf
  2518 | D:3      | Killed Crazy Yiuf
  3452 | D:3      | Reached XP level 6. HP: 28/47 MP: 10/10
  3938 | D:3      | Learned a level 5 spell: Blade Hands
  4201 | D:4      | Noticed Blork the orc
  4237 | D:3      | Killed Blork the orc
  4237 | D:3      | Reached skill level 1 in Evocations
  4571 | D:3      | Your scales start taking on a glossy black colour.
  4571 | D:3      | Reached XP level 7. HP: 52/52 MP: 11/11
  4571 | D:3      | Gained mutation: You are resistant to electric shocks.
                  | (rElec) [Black Draconian growth]
  4692 | D:4      | Noticed Robin
  4800 | D:4      | Killed Robin
  4800 | D:4      | Reached skill level 6 in Unarmed Combat
  5123 | D:5      | Entered Level 5 of the Dungeon
  5411 | D:5      | Noticed Ijyb
  5467 | D:5      | Killed Ijyb
  5858 | D:5      | Reached XP level 8. HP: 45/59 MP: 7/12
  5943 | D:5      | Noticed Eustachio
  5953 | D:5      | Killed Eustachio
  5953 | D:5      | Reached skill level 5 in Transmutations
  6416 | D:6      | Reached skill level 7 in Unarmed Combat
  6554 | D:6      | Identified the +2 leather armour of the Moon {Dex+5}
  6577 | D:6      | Paralysed by a crimson imp for 7 turns
  6670 | D:6      | Found a snail-covered altar of Cheibriados.
  6950 | D:6      | Noticed Pikel
  6968 | D:6      | Killed Pikel
  6968 | D:6      | Reached skill level 5 in Evocations
  6968 | D:6      | Reached XP level 9. HP: 46/64 MP: 11/13
  7066 | D:6      | Noticed Grinder
  7078 | D:6      | Killed Grinder
  7078 | D:6      | Reached skill level 8 in Unarmed Combat
  7827 | D:7      | Found an iron altar of Okawaru.
  7868 | D:7      | Became a worshipper of Warmaster Okawaru
  7992 | D:7      | Found Ukhloetti's Weapon Boutique.
  8027 | D:7      | HP: 5/105 [acid (3)]
  8388 | D:7      | Reached skill level 1 in Invocations
  8508 | D:7      | Found a staircase to the Ecumenical Temple.
  8520 | Temple   | Entered the Ecumenical Temple
  8907 | D:7      | HP: 2/71 [something/puff of flame (11)]
  9209 | D:7      | Noticed Duvessa
  9209 | D:7      | Noticed Dowan
  9226 | D:7      | Killed Dowan
  9229 | D:7      | Killed Duvessa
  9229 | D:7      | Reached * piety under Okawaru
  9392 | D:7      | Reached XP level 10. HP: 70/80 MP: 8/14
  9652 | D:8      | Found Lysisufo's Antique Armour Shoppe.
  9972 | D:8      | Bought a pair of glowing boots for 127 gold pieces
 10029 | D:8      | Got a scorched cloak
 10030 | D:8      | Identified the cursed +0 cloak of Muttered Phrases {*Contam
                  | MR+ Str+8} (You found it on level 8 of the Dungeon)
 10241 | D:8      | Found Odaghia's Armour Shoppe.
 10281 | D:8      | Reached skill level 9 in Unarmed Combat
 10366 | D:8      | Found Funuq's Distillery.
 10876 | D:8      | Reached ** piety under Okawaru
 10876 | D:8      | Reached skill level 5 in Fighting
 11151 | D:8      | Noticed a two-headed hydra
 11158 | D:8      | Killed a one-headed hydra
 11158 | D:8      | Reached *** piety under Okawaru
 11158 | D:8      | Reached skill level 5 in Dodging
 12557 | D:9      | Reached skill level 5 in Invocations
 12734 | D:9      | Found a shimmering altar of Xom.
 12759 | D:9      | Noticed Erica
 12774 | D:9      | Killed Erica
 12774 | D:9      | Reached **** piety under Okawaru
 12774 | D:9      | Reached XP level 11. HP: 90/90 MP: 11/15
 12843 | D:9      | Found a blossoming altar of Fedhas.
 13085 | D:10     | Entered Level 10 of the Dungeon
 13450 | D:10     | Noticed a two-headed ogre
 13545 | D:10     | Killed a two-headed ogre
 13545 | D:10     | Reached ***** piety under Okawaru
 14027 | D:10     | Reached skill level 10 in Unarmed Combat
 14643 | D:11     | Noticed Snorg
 14663 | D:10     | Slain by Snorg

Levels and vault maps discovered:
D:1:      dpeg_arrival_chase, layout_basic, serial_bayou_ford_a
D:2:      layout_basic, chequers_temple_overflow_minitemple, minmay_distorted,
          uniq_terence, uniq_natasha
D:3:      layout_basic, portal_sewer_entry_b, first_ration,
          uniq_crazy_yiuf_cottage
D:4:      layout_gridville, uniq_robin, uniq_blork_the_orc
D:5:      layout_loops_cross, uniq_eustachio, uniq_ijyb
D:6:      layout_basic, cheibriados_altar_1, uniq_pikel, uniq_grinder
D:7:      layout_basic, okawaru_humans, minmay_temple_entry_hall, serial_shops,
          nicolae_shop_behind_doors, uniq_duvessa
D:8:      layout_loops_ring, serial_shops, nicolae_shop_stone, shop, shop,
          hangedman_ranch [blue_anna_fruit_fields]
D:9:      layout_rooms, lemuel_doored_altar, basic_altar, enter_bailey_3,
          minmay_splitting_lines, uniq_erica
D:10:     layout_roguey
D:11:     layout_basic, minmay_lair_entry_grove, david_orc_3,
          portal_ice_cave_entry_imps, uniq_fannar, uniq_snorg
Temple:   regret_index_temple_sphere_string

Skill      XL: |  1  2  3  4  5  6  7  8  9 10 11 |
---------------+----------------------------------+-----
Unarmed Combat | 4 5 6 7 8 9 10 | 10.0
Poison Magic   | 1 2 3 |  3.0
Transmutations | 3 4 6 7 8 9 |  9.0
Spellcasting   | 3 |  3.0
Evocations     | 1 3 5 |  5.4
Dodging        | 4 5 6 |  6.0
Fighting       | 4 6 |  6.9
Invocations    | 2 5 |  5.1

Action                   |  1- 3 |  4- 6 |  7- 9 | 10-12 || total
-------------------------+-------+-------+-------+-------++-------
Melee: Unarmed           |    36 |   210 |   517 |   500 ||  1263
       Tailslap          |     3 |    16 |    61 |    63 ||   143
       Headbutt          |     2 |     2 |    35 |    36 ||    75
       Kick              |     2 |    15 |    40 |     1 ||    58
       Punch             |       |     1 |     9 |    26 ||    36
       Falchion          |       |       |       |     3 ||     3
 Fire: Hunting sling     |       |       |     9 |       ||     9
Throw: Stone             |    12 |    55 |    33 |     4 ||   104
       Dart              |     2 |     7 |       |       ||     9
 Cast: Beastly Appendage |     8 |    22 |    41 |    26 ||    97
       Sticks to Snakes  |       |    16 |    14 |    52 ||    82
       Spider Form       |       |     1 |     7 |     3 ||    11
Invok: Heroism           |       |       |       |     3 ||     3
Evoke: Wand              |       |     2 |       |     1 ||     3
  Use: Scroll            |       |    10 |     8 |     4 ||    22
       Potion            |       |     1 |     3 |       ||     4
 Stab: Distracted        |       |     2 |     1 |     2 ||     5
  Eat: Chunk             |     1 |     8 |    15 |    16 ||    40
       Ration            |       |     1 |     1 |     1 ||     3
Armor: Skin              |     4 |    73 |   128 |   186 ||   391
Dodge: Dodged            |    18 |   126 |   290 |   404 ||   838
       Rpst.: Falchion   |       |       |       |     1 ||     1
